 Dungeon Crawl Stone Soup version 0.23.0-3-gf3c87f2 (webtiles) character file.

Game seed: 10009934320369787691

122 Kurtz the Slasher (level 4, -8/35 HPs)
             Began as a Mummy Chaos Knight on Feb 22, 2019.
             Was a Plaything of Xom.
             Killed by divine providence
             ... invoked by an orc priest
              (14 damage)
             ... on level 3 of the Dungeon.
             The game lasted 00:00:51 (631 turns).

Kurtz the Slasher (Mummy Chaos Knight)               Turns: 631, Time: 00:00:52

Health: -8/35      AC:  5    Str: 16    XL:     4   Next: 78%
Magic:  4/4        EV: 11    Int: 11    God:    Xom [..*...]
Gold:   59         SH:  0    Dex: 11    Spells: 3/3 levels left

rFire    x . .     SeeInvis .   a - +0 falchion (chaos)
rCold    + . .     Gourm    .   (no shield)
rNeg     + + +     Faith    +   b - +2 leather armour
rPois    ∞         Spirit   .   (no helmet)
rElec    .         Reflect  .   (no cloak)
rCorr    .         Harm     .   (no gloves)
MR       .....                  (no boots)
Stlth    +.........             d - amulet of faith
HPRegen  0.11/turn              (no ring)
MPRegen  0.09/turn              (no ring)

@: no status effects
A: no food or potions, fire vulnerability, cold resistance 1, negative energy
resistance 3, torment resistance, unbreathing
a: Renounce Religion


You were on level 3 of the Dungeon.
You worshipped Xom.
You were a toy of Xom.
You were not hungry.

You visited 1 branch of the dungeon, and saw 3 of its levels.

You collected 59 gold pieces.

Inventory:

Hand Weapons
 a - a +0 falchion of chaos (weapon)
Armour
 b - a +2 leather armour (worn)
Jewellery
 d - an amulet of faith (around neck)
Scrolls
 c - a scroll of enchant armour {unknown}
 e - a scroll of teleportation {unknown}
 f - 2 scrolls of identify {unknown}


   Skills:
 - Level 3.0 Fighting
 * Level 4.6 Long Blades
 - Level 1.5 Armour
 - Level 0.7 Dodging


You had 3 spell levels left.
You didn't know any spells.
Your spell library was empty.

Dungeon Overview and Level Annotations

Branches:
Dungeon (3/15)

Altars:
Kikubaaqudgha


Innate Abilities, Weirdness & Mutations

You do not eat or drink.
Your flesh is vulnerable to fire.
You are immune to poison.
Your flesh is cold resistant. (rC+)
You are immune to negative energy. (rN+++)
You are immune to unholy pain and torment.
You can survive without breathing.


Message History

The orc is moderately wounded.
The orc hits you but does no damage.
You hit the orc. You freeze the orc.
You kill the orc!
You closely miss the orc priest. The orc priest barely misses you.
You riposte.
You hit the orc priest.
The orc priest is moderately wounded.
You hit the orc priest but do no damage.
You drain the orc priest.
The orc priest is heavily wounded.
The orc priest closely misses you.
You hit the orc priest. You burn the orc priest.
The orc priest is almost dead.
The orc priest hits you with a +0 falchion!
* * * LOW HITPOINT WARNING * * *
You barely miss the orc priest.
The orc priest is almost dead.
The orc priest calls down the wrath of Beogh upon you.
Beogh smites you!
You die...

..# . #o# .## ... ...
#o##.# #.#.# ... #oo#
#.. ####(## #.# #..o##
#.# #.##@## #.# #.###.##
#.# ######.###[.#. #.#
#..........#.#
##.#####.####...........
....##.........%....#.##
##..##)#.####..##.###.#
##.......####..##.# #
..................#


You could see an orc priest.

Vanquished Creatures
  An orc priest (D:3)
  Jessica (D:2)
  3 adders
  2 worms
  A dart slug (D:2)
  An orc (D:3)
  3 giant cockroaches
  4 goblins
  3 hobgoblins
  A bat (D:2)
  3 frilled lizards
  3 kobolds
  8 rats
34 creatures vanquished.

Notes
Turn   | Place    | Note
-------+----------+-------------------------------------------
     0 | D:1      | Kurtz the Mummy Chaos Knight began the quest for the Orb.
     0 | D:1      | Reached XP level 1. HP: 18/18 MP: 1/1
   132 | D:1      | XOM: potion effect (curing)
   133 | D:1      | Reached XP level 2. HP: 24/24 MP: 2/2
   155 | D:1      | Reached skill level 3 in Long Blades
   185 | D:2      | Noticed Jessica
   197 | D:2      | XOM: silly message
   212 | D:2      | Killed Jessica
   212 | D:2      | Reached XP level 3. HP: 10/29 MP: 3/3
   419 | D:2      | Found an ancient bone altar of Kikubaaqudgha.
   429 | D:2      | Reached skill level 4 in Long Blades
   450 | D:2      | XOM: cloud trail
   530 | D:2      | Reached XP level 4. HP: 31/35 MP: 4/4
   578 | D:3      | XOM: cloud trail
   631 | D:3      | Killed from afar by an orc priest

Skill      XL: |  1  2  3 |
---------------+----------+-----
Long Blades    | 3 4 |  4.6
Fighting       | |  3.0
Armour         | |  1.5
Dodging        | |  0.7

Action                   |  1- 3 |  4- 6 || total
-------------------------+-------+-------++-------
Melee: Falchion          |    61 |    37 ||    98
Armor: Leather armour    |    19 |     7 ||    26
Dodge: Dodged            |    31 |    15 ||    46
       Rpst.: Falchion   |    16 |     3 ||    19
